 Dungeon Crawl Stone Soup version 0.20.1-1-g8b1a95d (webtiles) character file.

11566 VirginKiller the Grappler (level 11, -9/81 HPs)
             Began as a Demigod Fighter on Sept 30, 2017.
             Mangled by a rust devil (10 damage)
             ... summoned by an orc sorcerer
             ... on level 1 of the Orcish Mines.
             The game lasted 01:43:33 (14017 turns).

VirginKiller the Grappler (Demigod Fighter)        Turns: 14017, Time: 01:43:33

Health: -9/81      AC: -11   Str: 25    XL:     11   Next: 26%
Magic:  0/14       EV:  5    Int: 12    God:
Gold:   1277       SH: 14    Dex: 15    Spells: 10/10 levels left

rFire    . . .     SeeInvis .     - Unarmed
rCold    . . .     Gourm    .   b - +3 shield
rNeg     + . .     Faith    .   c - +0 plate armour
rPois    .         Spirit   +   v - +0 helmet
rElec    .         Reflect  .   (no cloak)
rCorr    .         Harm     .   (no gloves)
MR       +....                  (no boots)
Stlth    ..........             r - amulet of guardian spirit
Regen    0.3/turn               f - ring of positive energy
MPRegen  0.2/turn               (no ring)

@: corroded, drained
A: high mp 1
a: no special abilities


You were on level 1 of the Orcish Mines.
You were not hungry.

You visited 3 branches of the dungeon, and saw 12 of its levels.
You visited the Abyss 1 time.
You also visited: Ossuary.

You collected 1277 gold pieces.

Inventory:

Missiles
 A - 33 poisoned needles
 G - 19 tomahawks (quivered)
Armour
 b - a +3 shield (worn)
 c - a +0 plate armour (worn)
 v - a +0 helmet (worn)
Jewellery
 f - a ring of positive energy (left hand)
 o - an uncursed amulet of rage
 r - an amulet of guardian spirit (around neck)
Wands
 k - a wand of acid (6/15)
 x - a wand of polymorph (12/24)
Scrolls
 a - a scroll of teleportation
 g - a scroll of summoning {unknown}
 i - 5 scrolls of magic mapping
 p - 3 scrolls of immolation
 u - 3 scrolls of recharging
 E - 2 scrolls of enchant weapon
 I - 3 scrolls of fog
Potions
 e - a potion of flight
 l - 2 potions of heal wounds
 n - 2 potions of brilliance
 q - a potion of cancellation
 t - 3 potions of curing
 w - 3 potions of mutation
 B - a potion of ambrosia
Books
 h - a book of Callings

   Spells                             Type                      Level
   a - Summon Small Mammal            Summoning                    1
   b - Call Imp                       Summoning                    2
   c - Call Canine Familiar           Summoning                    3
   d - Summon Guardian Golem          Hexes/Summoning              3
   e - Summon Lightning Spire         Summoning/Air                4
   f - Summon Ice Beast               Ice/Summoning                4
 D - a book of Misfortune

   Spells                             Type                      Level
   a - Confusing Touch                Hexes                        1
   b - Confuse                        Hexes                        3
   c - Gell's Gravitas                Translocation                3
   d - Petrify                        Transmutation/Earth          4
   e - Metabolic Englaciation         Hexes/Ice                    5
   f - Yara's Violent Unravelling     Hexes/Transmutation          5
 H - a book of Flames

   Spells                             Type                      Level
   a - Flame Tongue                   Conjuration/Fire             1
   b - Throw Flame                    Conjuration/Fire             2
   c - Conjure Flame                  Conjuration/Fire             3
   d - Inner Flame                    Hexes/Fire                   3
   e - Sticky Flame                   Conjuration/Fire             4
   f - Fireball                       Conjuration/Fire             5
Comestibles
 d - 5 bread rations
 j - 8 fruits
 m - 2 chunks of flesh
 z - 6 meat rations


   Skills:
 - Level 2.6(2.4) Fighting
 - Level 2.6(2.4) Armour
 * Level 6.9(6.7) Shields
 + Level 14.9(14.6) Unarmed Combat


You had 10 spell levels left.
You didn't know any spells.

Dungeon Overview and Level Annotations

Branches:
Dungeon (10/15)            Temple (0/1) D:5            Lair (1/6) D:8
    Orc (1/2) D:9

Shops:
D:9 [

Annotations:
D:10 Erolcha, Sonja


Innate Abilities, Weirdness & Mutations

You have an increased reservoir of magic. (+10% MP)


Message History

The orc sorcerer is almost dead.
The orc sorcerer hits you with a dagger.
The rust devil hits you! The rust devil corrodes you!
You hit the orc sorcerer.
The orc sorcerer is almost dead.
The orc sorcerer points at you and mumbles some strange words.
You suddenly lose the ability to move!
The rust devil hits you! The rust devil corrodes you!
The orc sorcerer hits you with a dagger.
The rust devil hits you! The rust devil corrodes you!
The orc sorcerer hits you with a dagger.
The rust devil hits you! The rust devil corrodes you!
The orc sorcerer casts a spell at you. The bolt of fire hits you!
* * * LOW HITPOINT WARNING * * *
You can move again.
Your shield and plate armour prevent you from hitting the orc sorcerer.
The orc sorcerer is almost dead.
The rust devil hits you!
You die...

##..#....#......##
#.......###.......
######
##.................
.....##
##.#........o.......
≈.≈...##
#..........>....#...
≈≈≈≈...#
##.##.........#.##.#
≈≈≈≈≈..#
##.###....#.##...#.#
###≈≈..## #...##.....##
#.#... # #≈≈...##
##4@###...## ####.#
###≈≈≈...# #..o....##
##
≈≈≈≈≈...#######......##
≈≈≈.≈..####.##.......#
..≈≈....##........#.##
..........#.#......##
###...............##
##........#....##
####......#.......


You could see a rust devil and an orc sorcerer.

Vanquished Creatures
  2 two-headed ogres
  A wretched star (Abyss:1)
  The ghost of Endymion the Covered, a novice BaSk (D:6)
  Joseph (D:7)
  Psyche (D:8)
  A troll (D:8)
  Grinder (D:6)
  Prince Ribbit (D:6)
  The ghost of raikaria the Digger, an amateur FoEE (D:4)
  2 hippogriffs
  Sigmund (D:6)
  A small abomination (Abyss:1)
  2 ynoxinuls (Abyss:1)
  2 fire bats (Abyss:1)
  A hungry ghost (D:7)
  A chaos spawn (Abyss:1)
  3 wargs (D:9)
  An insubstantial wisp (Abyss:1)
  2 water moccasins (D:8)
  3 porcupines (D:8)
  Duvessa (D:6)
  7 orc warriors
  A sky beast (D:5)
  5 ice beasts
  A necrophage (D:6)
  2 eyes of draining (D:3)
  2 phantoms
  2 centaurs
  6 ogres
  5 bullfrogs
  2 gnoll sergeants (D:9)
  Dowan (D:6)
  2 scorpions
  A water moccasin skeleton (D:7)
  A killer bee (D:7)
  2 vampire bats (D:4)
  2 howler monkeys
  An electric eel (Orc:1)
  6 crimson imps
  6 hounds
  3 jellies
  A gnoll shaman (D:6)
  7 orc priests
  A bullfrog skeleton (D:5)
  A centaur skeleton (D:9)
  10 orc wizards
  4 iguanas
  9 worker ants
  6 big kobold zombies (Ossuary)
  A mummy (Ossuary)
  4 worker ant zombies
  A howler monkey skeleton (D:5)
  A howler monkey zombie (D:7)
  12 gnolls
  11 adders
  3 shadow imps
  2 adder skeletons (D:8)
  2 worms
  4 dart slugs
  4 leopard geckos
  64 orcs
  4 spectral bats (Ossuary)
  2 ball pythons
  16 bats
  11 giant cockroaches
  5 gnoll zombies (Ossuary)
  5 goblins
  8 hobgoblins
  2 jackals (D:9)
  6 quokkas
  6 frilled lizards
  A goblin simulacrum (Ossuary)
  4 goblin zombies (Ossuary)
  5 hobgoblin zombies (Ossuary)
  11 kobolds
  2 kobold simulacra (Ossuary)
  5 kobold zombies (Ossuary)
  A leopard gecko skeleton (D:4)
  2 orc zombies (Ossuary)
  A quokka skeleton (D:4)
  23 rats
  2 rat simulacra (Ossuary)
  5 spectral goblins (Ossuary)
  A spectral kobold (Ossuary)
  3 spectral rats (Ossuary)
367 creatures vanquished.

Vanquished Creatures (others)
  A gnoll zombie (Ossuary)
  3 bat simulacra (Ossuary)
  2 goblin simulacra (Ossuary)
  A goblin zombie (Ossuary)
  A kobold simulacrum (Ossuary)
  A kobold zombie (Ossuary)
  A rat simulacrum (Ossuary)
  2 fungi (D:8)
  A starspawn tentacle (Abyss:1)
13 creatures vanquished.

Grand Total: 380 creatures vanquished

Notes
Turn   | Place    | Note
-------+----------+-------------------------------------------
     0 | D:1      | VirginKiller the Demigod Fighter began the quest for the Orb.
     0 | D:1      | Reached XP level 1. HP: 18/18 MP: 3/3
    17 | D:1      | Reached skill level 2 in Unarmed Combat
    75 | D:1      | Reached XP level 2. HP: 18/25 MP: 4/4
   476 | D:1      | Reached skill level 3 in Unarmed Combat
   696 | D:1      | Reached XP level 3. HP: 26/30 MP: 5/5
  1396 | D:2      | Reached skill level 4 in Unarmed Combat
  1544 | D:2      | Reached XP level 4. HP: 37/37 MP: 6/6
  1679 | D:2      | Found a glowing golden altar of the Shining One.
  1679 | D:2      | Found a sacrificial altar of Ru.
  1685 | D:2      | Found an iron altar of Okawaru.
  1687 | D:2      | Found a faded altar of an unknown god.
  1688 | D:2      | Found a radiant altar of Vehumet.
  2301 | D:3      | Found a burning altar of Makhleb.
  2302 | D:3      | Found a shimmering altar of Xom.
  2524 | D:3      | Found a bloodstained altar of Trog.
  2524 | D:3      | Noticed an eye of draining
  2538 | D:3      | Reached skill level 5 in Unarmed Combat
  2538 | D:3      | Reached XP level 5. HP: 31/42 MP: 0/7
  2546 | D:3      | Killed an eye of draining
  2620 | D:3      | Noticed an eye of draining
  2637 | D:3      | Killed an eye of draining
  2637 | D:3      | Reached skill level 6 in Unarmed Combat
  2637 | D:3      | Reached XP level 6. HP: 50/50 MP: 1/8
  2836 | D:4      | Noticed raikaria's ghost (amateur FoEE)
  2959 | D:4      | Found a sparkling altar of Nemelex Xobeh.
  3005 | D:4      | Killed raikaria's ghost
  3005 | D:4      | Reached skill level 7 in Unarmed Combat
  3005 | D:4      | Reached XP level 7. HP: 26/56 MP: 9/9
  3618 | D:4      | Reached skill level 8 in Unarmed Combat
  3715 | D:5      | Entered Level 5 of the Dungeon
  3783 | D:5      | Found a staircase to the Ecumenical Temple.
  4036 | D:5      | Found a sand-covered staircase.
  4042 | Ossuary  | Entered an ossuary
  4516 | Ossuary  | Reached skill level 9 in Unarmed Combat
  4860 | D:5      | Reached XP level 8. HP: 39/62 MP: 6/10
  5425 | D:6      | Noticed Sigmund
  5503 | D:6      | Noticed Dowan
  5504 | D:6      | Noticed Grinder
  5596 | D:6      | Noticed Endymion's ghost (novice BaSk)
  5809 | D:6      | Killed Sigmund
  5809 | D:6      | Reached skill level 10 in Unarmed Combat
  5888 | D:6      | Paralysed by Grinder for 4 turns
  5897 | D:6      | Paralysed by Grinder for 3 turns
  5908 | D:6      | Killed Grinder
  6045 | D:6      | Noticed Duvessa
  6057 | D:6      | Killed Duvessa
  6062 | D:6      | Killed Dowan
  6264 | D:5      | Reached skill level 11 in Unarmed Combat
  6948 | D:6      | Reached XP level 9. HP: 66/68 MP: 11/11
  6968 | D:6      | Noticed Prince Ribbit
  6978 | D:6      | Killed Prince Ribbit
  7093 | D:6      | Killed Endymion's ghost
  7093 | D:6      | Reached skill level 12 in Unarmed Combat
  7258 | D:7      | Noticed Joseph
  7612 | D:7      | Killed Joseph
  7612 | D:7      | Reached skill level 13 in Unarmed Combat
  7840 | D:7      | Got a citrine-encrusted scale mail
  7867 | D:7      | Identified the cursed +0 scale mail "Taifo" {*Drain rPois MP+9 Stlth-} (You found it on level 7 of the Dungeon)
  8532 | D:8      | Noticed a two-headed ogre
  8754 | D:8      | Reached XP level 10. HP: 74/74 MP: 13/13
  8986 | D:8      | Found a staircase to the Lair.
  9058 | Lair:1   | Entered Level 1 of the Lair of Beasts
  9058 | Lair:1   | Noticed a seven-headed hydra
  9169 | D:8      | Noticed Psyche
  9193 | D:8      | Killed Psyche
  9362 | D:8      | Reached skill level 14 in Unarmed Combat
  9704 | D:8      | Killed a two-headed ogre
 10722 | D:9      | Got a warped robe
 11062 | D:9      | Identified the cursed +1 robe of Limited Liability {MR+ Str+2} (You found it on level 9 of the Dungeon)
 11084 | D:9      | Found a staircase to the Orcish Mines.
 11125 | D:9      | You fall through a shaft!
 11125 | D:10     | Entered Level 10 of the Dungeon
 11125 | D:10     | Noticed a two-headed ogre
 11416 | D:9      | Noticed a two-headed ogre
 11507 | D:9      | Killed a two-headed ogre
 11845 | D:9      | Reached skill level 5 in Shields
 12263 | D:9      | Found Dead Kuh's Antique Armour Shop.
 12367 | D:9      | Found a roughly hewn altar of Beogh.
 12462 | D:10     | Noticed Sonja
 12467 | D:10     | Cast into level 1 of the Abyss (Sonja)
 12494 | Abyss:1  | Noticed a wretched star
 12517 | Abyss:1  | Killed a wretched star
 12517 | Abyss:1  | Reached XP level 11. HP: 60/81 MP: 11/14
 12625 | Abyss:1  | Noticed a tentacled starspawn
 12858 | Abyss:1  | Noticed a glowing orange brain
 12863 | Abyss:1  | Noticed a spatial maelstrom
 12904 | Abyss:1  | Noticed a thrashing horror
 12952 | D:10     | Escaped the Abyss
 12953 | D:10     | Noticed a two-headed ogre
 12954 | D:10     | Noticed Erolcha
 12958 | D:10     | Noticed a two-headed ogre
 13044 | Orc:1    | Entered Level 1 of the Orcish Mines
 14013 | Orc:1    | Paralysed by an orc sorcerer for 3 turns
 14016 | Orc:1    | HP: 1/81 [orc sorcerer/bolt of fire (28)]
 14017 | Orc:1    | Mangled by a rust devil

Skill      XL: |  1  2  3  4  5  6  7  8  9 10 11 |
---------------+----------------------------------+-----
Unarmed Combat | 2 3 4 5 6 7 9 11 13 14 | 14.9
Shields        | 5 6 |  6.9
Fighting       | |  2.6
Armour         | |  2.6

Action                   |  1- 3 |  4- 6 |  7- 9 | 10-12 || total
-------------------------+-------+-------+-------+-------++-------
Melee: Unarmed           |   200 |   187 |   590 |   506 ||  1483
Throw: Tomahawk          |       |       |    18 |    15 ||    33
  Use: Potion            |     1 |     5 |     2 |     9 ||    17
       Scroll            |       |     5 |    14 |    12 ||    31
 Stab: Invisible         |       |     2 |       |       ||     2
  Eat: Chunk             |     2 |     5 |    15 |     4 ||    26
       Royal jelly       |       |       |     2 |       ||     2
       Meat ration       |       |       |     1 |     1 ||     2
       Bread ration      |       |       |       |     1 ||     1
Armor: Scale mail        |    35 |       |    10 |    22 ||    67
       Chain mail        |    28 |    56 |   125 |       ||   209
       Skin              |       |     3 |    60 |       ||    63
       Plate armour      |       |       |       |   131 ||   131
Dodge: Dodged            |    41 |    22 |    66 |    67 ||   196
Block: Shield            |    78 |    49 |   254 |   333 ||   714
